 Dungeon Crawl Stone Soup version 0.24-a0-520-g8fd06ad0bc (webtiles) character file.

Game seed: 4952334299598214154

154797 Froggeryz the Executioner (level 17, -39/158 HPs)
             Began as a Minotaur Berserker on July 25, 2019.
             Was the Champion of Trog.
             Killed from afar by a frost giant (55 damage)
             ... with a bolt of cold
             ... on level 4 of the Shoals.
             The game lasted 01:22:47 (33651 turns).

Froggeryz the Executioner (Minotaur Berserker)     Turns: 33651, Time: 01:22:47

Health: -39/158    AC: 26    Str: 24    XL:     17   Next: 7%
Magic:  21/21      EV: 13    Int:  5    God:    Trog [******]
Gold:   2198       SH:  4    Dex: 11    Spells: 16/16 levels left

rFire    + + +     SeeInvis +   e - +4 battleaxe of the Wilderness {chop, +Inv rPois rC+ Dex-3}
rCold    . . .     Gourm    .   (shield currently unavailable)
rNeg     . . .     Faith    .   o - +4 chain mail of Untold Secrets {rF+ Int+3 SInv}
rPois    +         Spirit   .   f - +1 hat
rElec    +         Reflect  +   S - +2 cloak
rCorr    .         Harm     .   Y - +2 pair of gloves "Ucuts" {SInv}
MR       +....                  y - +1 pair of boots
Stlth    ..........             P - +4 amulet of reflection
HPRegen  0.36/turn              C - ring of Cuelics {+Inv rElec rF+ Int-3 Stlth+}
MPRegen  0.17/turn              N - ring "Saiwkah" {Fire Slay+3}

@: no status effects
A: retaliatory headbutt, claws 1, horns 2, screaming 1, subdued magic 1
a: Berserk, Trog's Hand, Brothers in Arms, Renounce Religion, Evoke Invisibility


You were on level 4 of the Shoals.
You worshipped Trog.
Trog was exalted by your worship.
You were not hungry.

You visited 6 branches of the dungeon, and saw 29 of its levels.
You also visited: Ossuary and Ice Cave.

You collected 2717 gold pieces.
You spent 519 gold pieces at shops.

Inventory:

Hand Weapons
 e - the +4 battleaxe of the Wilderness (weapon) {chop, +Inv rPois rC+ Dex-3}
   (Trog gifted it to you on level 11 of the Dungeon)

   It inflicts extra damage upon your enemies.
   It affects your dexterity (-3).
   It protects you from cold.
   It protects you from poison.
   It lets you turn invisible.
 t - a +5 antimagic executioner's axe
 Q - a +4 scimitar of flaming
Missiles
 v - 3 throwing nets
 U - 16 curare-tipped darts
 W - 5 silver javelins
 Z - 8 javelins (quivered)
Armour
 f - a +1 hat (worn)
 g - the +0 hat "Huonlu" {rElec rPois rN+++ Slay-5}
   (You acquired it on level 2 of the Orcish Mines)

   It affects your accuracy and damage with ranged weapons and melee attacks
   (-5).
   It insulates you from electricity.
   It protects you from poison.
   It renders you almost immune to negative energy.
 o - the +4 chain mail of Untold Secrets (worn) {rF+ Int+3 SInv}
   (You found it on level 7 of the Dungeon)

   It affects your intelligence (+3).
   It protects you from fire.
   It lets you see invisible.
 u - a scarf of cloud immunity
 y - a +1 pair of boots (worn)
 S - a +2 cloak (worn)
 T - a +1 plate armour of fire resistance
 Y - the +2 pair of gloves "Ucuts" (worn) {SInv}
   (You found it in an ice cave)

   It lets you see invisible.
Jewellery
 p - an uncursed ring of resist corrosion
 q - an uncursed ring of protection from fire
 C - the ring of Cuelics (left hand) {+Inv rElec rF+ Int-3 Stlth+}
   (You found it on level 4 of the Dungeon)

   [ring of stealth]

   It affects your intelligence (-3).
   It protects you from fire.
   It insulates you from electricity.
   It lets you turn invisible.
   It makes you more stealthy.
 F - an uncursed ring of flight
 N - the ring "Saiwkah" (right hand) {Fire Slay+3}
   (You found it on level 10 of the Dungeon)

   [ring of fire]

   It enhances your fire magic.
   It affects your accuracy and damage with ranged weapons and melee attacks
   (+3).
   It protects you from fire.
   It makes you vulnerable to cold.
 P - a +4 amulet of reflection (around neck)
Wands
 b - a wand of paralysis (21)
 h - a wand of flame (29)
 i - a wand of random effects (17)
 m - a wand of digging (4)
 w - a wand of enslavement (4)
 E - a wand of disintegration (68)
 I - a wand of polymorph (25)
 J - a wand of iceblast (55)
 K - a wand of clouds (4)
 R - a wand of acid (37)
Scrolls
 n - 16 scrolls of remove curse
 s - 4 scrolls of blinking
 z - 5 scrolls of fear
 A - 6 scrolls of magic mapping
 B - 8 scrolls of teleportation
 D - 2 scrolls of enchant weapon
 G - 2 scrolls of fog
 L - 2 scrolls of enchant armour
 O - a scroll of vulnerability
 X - a scroll of summoning
Potions
 a - 3 potions of brilliance
 d - a potion of ambrosia
 j - 5 potions of heal wounds
 k - 3 potions of haste
 l - 4 potions of curing
 r - a potion of resistance
 x - 2 potions of berserk rage
 H - 3 potions of might
 M - a potion of cancellation
Comestibles
 c - 37 rations


   Skills:
 - Level 16.1 Fighting
 + Level 24.7 Axes
 + Level 5.6 Throwing
 - Level 11.1 Armour
 - Level 10.2 Dodging
 - Level 7.0 Evocations


You had 16 spell levels left.
You didn't know any spells.
Your spell library contained the following spells:

 Spells                   Type           Power        Failure   Level  Hunger
 Animate Skeleton         Necr           N/A          94%         1    ##.....
 Apportation              Tloc           #.....       94%         1    ##.....
 Beastly Appendage        Tmut           #.....       94%         1    ##.....
 Confusing Touch          Hex            #.....       94%         1    ##.....
 Corona                   Hex            #......      94%         1    ##.....
 Freeze                   Ice            #...         94%         1    ##.....
 Pain                     Necr           #...         94%         1    ##.....
 Sandblast                Erth           #.....       94%         1    ##.....
 Sting                    Conj/Pois      #...         94%         1    ##.....
 Summon Small Mammal      Summ           #...         94%         1    ##.....
 Call Imp                 Summ           #.......     98%         2    ###....
 Corpse Rot               Necr           N/A          98%         2    ###....
 Ensorcelled Hibernation  Hex/Ice        #.....       98%         2    ###....
 Passwall                 Tmut/Erth      #.......     98%         2    ###....
 Poisonous Vapours        Pois/Air       #.....       98%         2    ###....
 Sticks to Snakes         Tmut           #.......     98%         2    ###....
 Throw Frost              Conj/Ice       #.....       98%         2    ###....
 Call Canine Familiar     Summ           #.......     100%        3    ####...
 Confuse                  Hex            #.......     100%        3    ####...
 Dazzling Spray           Conj/Hex       #.....       100%        3    ####...
 Mephitic Cloud           Conj/Pois/Air  #.......     100%        3    ####...
 Ozocubu's Armour         Chrm/Ice       #.......     100%        3    ####...
 Regeneration             Chrm/Necr      #.........   100%        3    ####...
 Spider Form              Tmut/Pois      #.........   100%        3    ####...
 Stone Arrow              Conj/Erth      #.....       100%        3    ####...
 Summon Guardian Golem    Hex/Summ       #.......     100%        3    ####...
 Tukima's Dance           Hex            #.......     100%        3    ####...
 Vampiric Draining        Necr           #.........   100%        3    ####...
 Animate Dead             Necr           N/A          100%        4    #####..
 Ice Form                 Ice/Tmut       #.......     100%        4    #####..
 Leda's Liquefaction      Hex/Erth       #.........   100%        4    #####..
 Olgreb's Toxic Radiance  Pois           #.......     100%        4    #####..
 Petrify                  Tmut/Erth      #.......     100%        4    #####..
 Summon Ice Beast         Ice/Summ       #.......     100%        4    #####..
 Summon Lightning Spire   Summ/Air       #.......     100%        4    #####..
 Throw Icicle             Conj/Ice       #.......     100%        4    #####..
 Blade Hands              Tmut           #.........   100%        5    ######.
 Bolt of Magma            Conj/Fire/Erth #.........   100%        5    ######.
 Iskenderun's Battlesphe  Conj/Chrm      #.......     100%        5    ######.
 Lee's Rapid Deconstruct  Erth           #.........   100%        5    ######.
 Silence                  Hex/Air        #.........   100%        5    ######.
 Summon Forest            Summ/Tloc      #.........   100%        5    ######.
 Venom Bolt               Conj/Pois      #.........   100%        5    ######.
 Yara's Violent Unravell  Hex/Tmut       #.........   100%        5    ######.
 Conjure Ball Lightning   Conj/Air       #.........   100%        6    #######
 Deflect Missiles         Chrm/Air       #.........   100%        6    #######
 Hydra Form               Tmut           #.........   100%        6    #######
 Iron Shot                Conj/Erth      #.........   100%        6    #######
 Dragon Form              Tmut           #.........   100%        7    #######
 Malign Gateway           Summ/Tloc      #.........   100%        7    #######
 Monstrous Menagerie      Summ           #.........   100%        7    #######
 Orb of Destruction       Conj           #.........   100%        7    #######
 Spellforged Servitor     Conj/Summ      #.........   100%        7    #######
 Summon Greater Demon     Summ           #.........   100%        7    #######
 Summon Hydra             Summ           #.........   100%        7    #######
 Summon Horrible Things   Summ           #.........   100%        8    #######
 Tornado                  Air            #.........   100%        9    #######


Dungeon Overview and Level Annotations

Branches:
Dungeon (15/15)            Temple (1/1) D:6            Lair (6/6) D:11
 Shoals (4/4) Lair:2        Snake (0/4) Lair:3        Slime (0/5) Lair:6
    Orc (2/2) D:12            Elf (0/3) Orc:2        Vaults (0/5) D:13
 Depths (1/5) D:15

Altars:
Cheibriados
Dithmenos
Gozag
Nemelex Xobeh
Qazlal
Ru
Trog
Uskayaw
Yredelemnul
Zin
Beogh

Shops:
D:5 (   Orc:2 [%}:   Shoals:2 :

Portals:
Hell: Depths:1

Annotations:
Shoals:3 Ilsuiw


Innate Abilities, Weirdness & Mutations

You reflexively headbutt those who attack you in melee.
You have a pair of horns on your head.
You have sharp fingernails.
You occasionally shout uncontrollably at your foes.
Your spells are a little easier to cast, but a little less powerful.


Message History

You headbutt the frost giant, but do no damage.
The frost giant is heavily wounded.
You hit the frost giant.
The frost giant is heavily wounded.
The frost giant hits you with a +1 battleaxe of freezing!!
The frost giant freezes you.
* * * LOW HITPOINT WARNING * * *
Your chain mail of Untold Secrets prevents you from hitting the frost giant.
You headbutt the frost giant, but do no damage.
The frost giant is heavily wounded.
You slash the frost giant!
The frost giant is heavily wounded.
The frost giant points at you and mumbles some strange words.
The bolt of cold hits you!!
* * * LOW HITPOINT WARNING * * *
You slash the frost giant! You headbutt the frost giant!
The frost giant is severely wounded.
The frost giant points at you and mumbles some strange words.
The bolt of cold hits you!!!
You die...

#≈≈≈≈ .#m #≈≈≈≈. #≈. ...
#≈≈≈≈. ≈.# .... #≈≈≈≈.# .S
#.... #≈≈≈≈.≈#. #≈.≈≈.
#≈≈≈≈≈..#######..≈≈≈≈
#≈≈≈≈≈≈☼#§#≈≈.≈.≈≈≈≈≈
#≈≈≈≈≈☼☼)§§....(≈≈≈≈≈≈
#≈≈≈≈≈§§§§.)C@.○○≈≈≈≈≈
#≈≈≈≈≈§.........≈≈≈≈≈≈
#≈≈≈≈≈≈..........≈≈≈≈≈
#≈≈§≈≈≈..........≈≈≈≈≈≈≈≈≈≈...
#≈≈≈≈≈≈............≈≈≈≈≈......
#≈≈≈≈≈≈≈............≈≈≈.......
≈≈≈≈≈≈≈.............≈........
≈≈≈≈≈≈.....................
≈≈≈≈≈≈..T...####...........


You could see a frost giant.

Vanquished Creatures
  A titan (Shoals:2)
  The ghost of Yddoq the Warrior, an adept MiFi of Cheibriados (Shoals:2)
  A kraken (Shoals:1)
  Donald (Shoals:1)
  An orc warlord (Orc:2)
  2 frost giants (Shoals:2)
  Louise (D:15)
  A stone giant (Shoals:2)
  A merfolk javelineer (Shoals:4)
  Snorg (Orc:2)
  A fire dragon (Lair:6)
  Josephine (Lair:5)
  3 merfolk impalers (Shoals:4)
  4 hydras
  3 ice dragons
  2 catoblepae
  2 merfolk avatars (Shoals:2)
  Erica (Lair:1)
  2 alligator snapping turtles
  A satyr (Shoals:2)
  3 ogre magi
  A merfolk aquamancer (Shoals:2)
  18 two-headed ogres
  A tengu warrior (D:13)
  The ghost of Ablot the Magician, a novice GnSk of Okawaru (D:8)
  The ghost of hemabe the Sneak, a novice HuAr of Trog (D:10)
  Urug (Lair:2)
  A vampire mage (D:15)
  5 orc high priests (Orc:2)
  2 skeletal warriors (D:15)
  3 sea snakes
  A swamp dragon (Lair:6)
  An orange crystal statue (D:15)
  A harpy (shapeshifter) (D:13)
  The ghost of Ablot the Charmwright, a novice GnSk of Okawaru (D:6)
  2 necromancers
  A tengu skeleton (D:15)
  A deep elf mage (D:15)
  5 oklob plants
  7 orc sorcerers
  4 orc knights
  A wolf spider (D:14)
  7 cyclopes
  7 manticores
  19 fauns
  15 ugly things
  6 merfolk sirens
  13 elephants
  An ice statue (IceCv)
  5 black mambas
  2 elf zombies (D:15)
  5 water nymphs
  3 gargoyles
  A torpor snail (Lair:3)
  7 spiny frogs
  8 rime drakes
  2 kobold demonologists
  11 komodo dragons
  An efreet (D:15)
  10 freezing wraiths (IceCv)
  10 polar bears
  A troll (shapeshifter) (D:15)
  A hornet (D:11)
  A queen bee (D:8)
  6 trolls
  3 wolf spider simulacra
  3 wind drakes
  9 merfolk
  Grinder (D:5)
  3 raiju (Lair:6)
  6 dream sheep (Lair:6)
  7 slime creatures
  3 snapping turtles (Shoals:1)
  15 blink frogs (Lair:6)
  A spriggan zombie (D:15)
  A meliai zombie (D:15)
  9 hippogriffs
  A shadow (D:14)
  6 water elementals
  6 wraiths
  Eustachio (D:5)
  A vampire (D:11)
  A wyvern (D:12)
  4 basilisks
  7 hungry ghosts
  45 yaks
  3 steam dragons (Lair:6)
  A death yak simulacrum (IceCv)
  A vampire mosquito (D:13)
  9 wargs
  2 soldier ants
  An acid dragon (Lair:6)
  2 nagas (Lair:3)
  14 hell hounds (Lair:6)
  5 porcupines
  10 water moccasins
  An ice beast (shapeshifter) (D:13)
  45 orc warriors
  7 sky beasts
  15 ice beasts
  2 phantoms
  12 black bears
  9 necrophages
  25 ogres
  19 wolves
  10 centaurs
  7 crocodiles
  11 big kobolds
  16 bullfrogs
  A wyvern zombie (D:10)
  16 scorpions
  A wyvern skeleton (D:6)
  19 killer bees (D:8)
  13 wights
  2 howler monkeys
  A wyvern simulacrum (D:10)
  5 crimson imps
  5 draconian simulacra (IceCv)
  2 centaur zombies
  12 jellies
  6 hounds
  2 quasits (D:9)
  2 human zombies (Ossuary)
  31 orc priests
  A bullfrog skeleton (D:2)
  A gnoll shaman (D:10)
  22 orc wizards
  Jessica (D:3)
  5 centaur skeletons
  7 iguanas
  A polar bear simulacrum (IceCv)
  4 troll simulacra (IceCv)
  12 worker ants
  5 spriggan simulacra (IceCv)
  A big kobold zombie (Ossuary)
  3 centaur simulacra
  2 hound zombies
  3 mummies (Ossuary)
  A howler monkey zombie (D:7)
  Robin (D:3)
  A howler monkey skeleton (D:4)
  An ogre simulacrum (IceCv)
  2 scorpion zombies (Ossuary)
  17 adders
  7 gnolls
  3 naga simulacra (IceCv)
  A hound simulacrum (D:10)
  3 shadow imps
  26 white imps
  2 oozes
  An adder zombie (D:8)
  5 adder skeletons
  4 worms
  3 dart slugs
  An adder simulacrum (D:10)
  8 leopard geckos
  131 orcs
  A ball python (D:1)
  7 bats
  6 giant cockroaches
  17 goblins
  15 hobgoblins
  14 jackals
  14 kobolds
  6 quokkas
  8 frilled lizards
  A gnoll zombie (Ossuary)
  2 goblin zombies (Ossuary)
  2 hobgoblin zombies (Ossuary)
  4 kobold zombies (Ossuary)
  A leopard gecko skeleton (D:2)
  2 orc zombies (Ossuary)
  A quokka skeleton (D:7)
  8 rats
  A spectral orc (D:2)
  15 plants
  2 tentacles (Shoals:1)
  A withered plant (D:15)
1127 creatures vanquished.

Vanquished Creatures (collateral kills)
  2 merfolk javelineers (Shoals:4)
  A merfolk impaler (Shoals:4)
  A hydra (Lair:5)
  A merfolk avatar (Shoals:4)
  An alligator snapping turtle (Shoals:4)
  A rime drake (Lair:5)
  A plant (Lair:5)
8 creatures vanquished.

Vanquished Creatures (others)
  A faun (Shoals:2)
  A yak (Lair:6)
  15 fungi
  29 plants
  5 tentacles (Shoals:1)
51 creatures vanquished.

Grand Total: 1186 creatures vanquished

Notes
Turn   | Place    | Note
-------+----------+-------------------------------------------
     0 | D:1      | Froggeryz the Minotaur Berserker began the quest for the
                  | Orb.
     0 | D:1      | Reached XP level 1. HP: 19/19 MP: 0/0
    36 | D:1      | Reached skill level 4 in Axes
   288 | D:1      | Reached XP level 2. HP: 21/27 MP: 1/1
   526 | D:1      | Reached ** piety under Trog
   526 | D:1      | Reached XP level 3. HP: 29/33 MP: 2/2
   757 | D:2      | Found a shadowy altar of Dithmenos.
   781 | D:2      | Reached skill level 5 in Axes
   951 | D:2      | Found a sparkling altar of Nemelex Xobeh.
   952 | D:2      | Found an opulent altar of Gozag.
  1385 | D:2      | Reached XP level 4. HP: 27/41 MP: 3/3
  1903 | D:2      | Reached skill level 6 in Axes
  2000 | D:2      | Reached XP level 5. HP: 32/47 MP: 4/4
  2002 | D:2      | Reached skill level 5 in Fighting
  2222 | D:2      | Found a basalt altar of Yredelemnul.
  2482 | D:3      | Reached skill level 7 in Axes
  2728 | D:3      | Reached *** piety under Trog
  2835 | D:3      | Reached XP level 6. HP: 44/56 MP: 5/5
  2888 | D:3      | Noticed Robin
  3032 | D:3      | Killed Robin
  3140 | D:3      | Noticed Jessica
  3142 | D:3      | Reached skill level 8 in Axes
  3147 | D:3      | Killed Jessica
  3736 | D:4      | Reached **** piety under Trog
  3931 | D:4      | Reached skill level 9 in Axes
  3931 | D:4      | Reached XP level 7. HP: 59/61 MP: 6/6
  3985 | D:4      | Noticed a +0 dagger
  3986 | D:4      | Found a hide-covered altar of Uskayaw.
  3987 | D:4      | Noticed a +0 hand axe
  4061 | D:4      | Got a fine amber ring
  4071 | D:4      | Identified the ring of Cuelics {+Inv rElec rF+ Int-3
                  | Stlth+} (You found it on level 4 of the Dungeon)
  4108 | D:4      | Reached skill level 10 in Axes
  4301 | D:5      | Entered Level 5 of the Dungeon
  4442 | D:5      | Found a sand-covered staircase.
  4446 | Ossuary  | Entered an ossuary
  4488 | Ossuary  | Reached skill level 11 in Axes
  4488 | Ossuary  | Reached XP level 8. HP: 68/68 MP: 7/7
  4559 | Ossuary  | Reached ***** piety under Trog
  4923 | Ossuary  | Reached skill level 12 in Axes
  5817 | D:5      | Reached skill level 13 in Axes
  6019 | D:5      | Found Xiusch's Weapon Emporium.
  6077 | D:5      | Noticed Eustachio
  6093 | D:5      | Killed Eustachio
  6093 | D:5      | Reached XP level 9. HP: 74/74 MP: 8/8
  6113 | D:5      | Identified a scroll of acquirement
  6327 | D:5      | Noticed Grinder
  6342 | D:5      | Killed Grinder
  6484 | D:6      | Reached skill level 14 in Axes
  6529 | D:6      | Found a staircase to the Ecumenical Temple.
  6572 | D:6      | Found a snail-covered altar of Cheibriados.
  6696 | D:6      | Found a runed translucent gate.
  6696 | D:6      | Found a runed translucent gate.
  6696 | D:6      | Found a runed translucent gate.
  6697 | D:6      | Noticed Ablot's ghost (novice GnSk)
  6723 | D:6      | Killed Ablot's ghost
  6852 | D:6      | Found a sacrificial altar of Ru.
  6986 | D:6      | Found a stormy altar of Qazlal.
  6996 | D:6      | You fall into a shaft and drop 1 floor!
  7111 | D:6      | Reached skill level 15 in Axes
  7534 | Temple   | Entered the Ecumenical Temple
  8143 | D:7      | Received a gift from Trog
  8144 | D:7      | Reached skill level 16 in Axes
  8150 | D:7      | Reached XP level 10. HP: 81/81 MP: 9/9
  8220 | D:7      | Noticed a two-headed ogre
  8229 | D:7      | Killed a two-headed ogre
  8305 | D:7      | Got an encrusted chain mail
  8309 | D:7      | Got a transparent mace
  8905 | D:8      | Reached skill level 17 in Axes
  9133 | D:7      | Identified the +4 chain mail of Untold Secrets {rF+ Int+3
                  | SInv} (You found it on level 7 of the Dungeon)
  9153 | D:7      | Identified the +4 mace of Dissent {crush, Int+4} (You found
                  | it on level 7 of the Dungeon)
  9161 | D:7      | Gained mutation: You occasionally shout uncontrollably at
                  | your foes. [potion of mutation]
  9161 | D:7      | Gained mutation: Your spells are a little easier to cast,
                  | but a little less powerful. [potion of mutation]
  9161 | D:7      | Gained mutation: You have sharp fingernails. [potion of
                  | mutation]
  9544 | D:8      | Found a runed translucent gate.
  9640 | D:8      | Found a runed translucent gate.
  9640 | D:8      | Noticed Ablot's ghost (novice GnSk)
  9641 | D:8      | Identified the +4 dagger "Ylufep" {drain, rN+}
  9642 | D:8      | Found a runed translucent gate.
  9703 | D:8      | Killed Ablot's ghost
  9703 | D:8      | Reached skill level 18 in Axes
  9788 | D:8      | Reached XP level 11. HP: 64/86 MP: 10/10
 10102 | D:9      | You fall into a shaft and drop 2 floors!
 10162 | D:11     | Noticed a two-headed ogre
 10169 | D:11     | Killed a two-headed ogre
 10169 | D:11     | Reached skill level 19 in Axes
 10173 | D:11     | Found a staircase to the Lair.
 10802 | D:11     | Found a frozen archway.
 10815 | D:11     | Received a gift from Trog
 10827 | IceCv    | Entered an ice cave
 10831 | IceCv    | Reached skill level 20 in Axes
 10920 | IceCv    | Reached ****** piety under Trog
 11656 | IceCv    | Found an ancient bone altar of Kikubaaqudgha.
 11667 | IceCv    | Reached XP level 12. HP: 75/94 MP: 11/11
 11676 | IceCv    | Reached skill level 21 in Axes
 12409 | IceCv    | Got a pair of faintly glowing gloves
 12411 | IceCv    | Identified the +2 pair of gloves "Ucuts" {SInv} (You found
                  | it in an ice cave)
 12696 | D:11     | Received a gift from Trog
 12704 | D:11     | Got a dazzling battleaxe {god gift}
 12872 | D:10     | Entered Level 10 of the Dungeon
 12892 | D:10     | Found a runed translucent gate.
 12892 | D:10     | Found a runed translucent gate.
 12892 | D:10     | Found a runed translucent gate.
 13180 | D:10     | Noticed hemabe's ghost (novice HuAr)
 13430 | D:10     | Killed hemabe's ghost
 13467 | D:10     | Got the ring "Saiwkah" {Fire}
 13473 | D:10     | Identified the +4 battleaxe of the Wilderness {chop, +Inv
                  | rPois rC+ Dex-3} (Trog gifted it to you on level 11 of the
                  | Dungeon)
 13510 | Lair:1   | Entered Level 1 of the Lair of Beasts
 13581 | Lair:1   | Found a shadowy altar of Dithmenos.
 13715 | Lair:1   | Reached skill level 22 in Axes
 13899 | Lair:1   | Noticed Erica
 13915 | Lair:1   | Killed Erica
 14752 | Lair:2   | Noticed Urug
 14828 | Lair:2   | Found a staircase to the Shoals.
 15166 | Lair:2   | Killed Urug
 15166 | Lair:2   | Reached skill level 23 in Axes
 15393 | Lair:3   | Found a staircase to the Snake Pit.
 15402 | Lair:3   | Received a gift from Trog
 15443 | Lair:3   | Reached XP level 13. HP: 65/100 MP: 12/12
 16046 | Lair:3   | Reached skill level 5 in Armour
 16359 | Lair:4   | Identified the ring "Saiwkah" {Fire Slay+3} (You found it
                  | on level 10 of the Dungeon)
 17140 | Lair:5   | Noticed Josephine
 17160 | Lair:5   | Killed Josephine
 17750 | Lair:5   | Reached skill level 10 in Armour
 18508 | Lair:6   | Entered Level 6 of the Lair of Beasts
 18542 | Lair:6   | Received a gift from Trog
 18957 | Lair:6   | Found a staircase to the Slime Pits.
 19144 | Lair:6   | Reached XP level 14. HP: 104/118 MP: 13/13
 19168 | Lair:6   | Reached skill level 1 in Evocations
 19201 | Lair:6   | Reached skill level 10 in Fighting
 19302 | Lair:6   | Received a gift from Trog
 21135 | D:9      | Found a glowing silver altar of Zin.
 21247 | D:9      | Received a gift from Trog
 21809 | D:12     | Found a staircase to the Orcish Mines.
 22090 | D:12     | Reached skill level 5 in Evocations
 22669 | Orc:1    | Entered Level 1 of the Orcish Mines
 22844 | Orc:2    | Entered Level 2 of the Orcish Mines
 23022 | Orc:2    | Received a gift from Trog
 23170 | Orc:2    | Found a roughly hewn altar of Beogh.
 23383 | Orc:2    | Reached XP level 15. HP: 115/137 MP: 18/18
 23384 | Orc:2    | Found Sofe's Antique Armour Emporium.
 23394 | Orc:2    | Bought a polished chain mail for 247 gold pieces
 23394 | Orc:2    | Identified the +7 chain mail of Egheis {*Corrode Dex+4 SInv
                  | Stlth+} (You bought it in a shop on level 2 of the Orcish
                  | Mines)
 23402 | Orc:2    | Found Notar's Food Shoppe.
 23785 | Orc:2    | Noticed Snorg
 23799 | Orc:2    | Killed Snorg
 24053 | Orc:2    | Found a staircase to the Elven Halls.
 24194 | Orc:2    | Received a gift from Trog
 24207 | Orc:2    | Got a jewelled hat
 24208 | Orc:2    | Identified the +0 hat "Huonlu" {rElec rPois rN+++ Slay-5}
                  | (You acquired it on level 2 of the Orcish Mines)
 24245 | Orc:2    | Found Raziemui's Gadget Shop.
 24263 | Orc:2    | Bought a wand of digging (4) for 272 gold pieces
 24423 | Orc:2    | Noticed an orc warlord
 24441 | Orc:2    | Paralysed by an orc sorcerer for 5 turns
 24453 | Orc:2    | Killed an orc warlord
 24460 | Orc:2    | Found a roughly hewn altar of Beogh.
 24682 | Orc:2    | Found Roidecog's Book Emporium.
 24772 | Orc:2    | Reached skill level 15 in Fighting
 25017 | Orc:1    | Received a gift from Trog
 25029 | Orc:1    | Found a bloodstained altar of Trog.
 26443 | D:13     | Found a gate to the Vaults.
 26788 | D:13     | Received a gift from Trog
 26805 | D:13     | Got an ichor-stained war axe {god gift}
 26806 | D:13     | Identified the +1 war axe of Light {freeze, Str+3} (Trog
                  | gifted it to you on level 13 of the Dungeon)
 27022 | D:14     | Reached skill level 5 in Dodging
 27358 | D:15     | Entered Level 15 of the Dungeon
 27391 | D:15     | Noticed Louise
 27394 | D:15     | Found a staircase to the Depths.
 27406 | D:15     | Killed Louise
 28140 | D:15     | Reached XP level 16. HP: 141/151 MP: 20/20
 28429 | D:15     | Received a gift from Trog
 28624 | Depths:1 | Entered Level 1 of the Depths
 28948 | Depths:1 | Found a gateway to Hell.
 29167 | Shoals:1 | Entered Level 1 of the Shoals
 29184 | Shoals:1 | HP: 5/226 [manticore (13)]
 30484 | Shoals:1 | Noticed Donald
 30493 | Shoals:1 | Killed Donald
 30493 | Shoals:1 | Reached skill level 24 in Axes
 30526 | Shoals:1 | Received a gift from Trog
 30532 | Shoals:1 | Reached skill level 10 in Dodging
 30708 | Shoals:1 | Noticed a kraken
 30725 | Shoals:1 | Killed a kraken
 31284 | Shoals:2 | Reached skill level 1 in Throwing
 31288 | Shoals:2 | Identified the Collected Works on Changing
 31558 | Shoals:2 | Found Cuqoos's Book Shoppe.
 32051 | Shoals:2 | Found a runed translucent door.
 32053 | Shoals:2 | Noticed Yddoq's ghost (adept MiFi)
 32076 | Shoals:2 | Killed Yddoq's ghost
 32200 | Shoals:2 | Noticed a titan
 32306 | Shoals:2 | Killed a titan
 32762 | Shoals:3 | Noticed Ilsuiw
 33292 | Shoals:4 | Entered Level 4 of the Shoals
 33320 | Shoals:4 | Reached skill level 5 in Throwing
 33320 | Shoals:4 | Reached XP level 17. HP: 60/158 MP: 21/21
 33641 | Shoals:4 | Received a gift from Trog
 33651 | Shoals:4 | Killed from afar by a frost giant

Levels and vault maps discovered:
D:1:      dpeg_arrival_solitude, layout_rooms, serial_forest,
          infiniplex_forest_clump_large, infiniplex_forest_clump_small,
          infiniplex_forest_straight_3, infiniplex_forest_diagonal,
          infiniplex_forest_lined_3_way, infiniplex_forest_straight_2,
          minmay_misc_feat_alley, minmay_pentomino_t2
D:2:      layout_loops_corners, grunt_temple_overflow_opulence,
          nicolae_dithmenos_shadow_blocks, yredelemnul_forgotten_temple_becter,
          minmay_curled_crystal
D:3:      minmay_recursive_quarters, layout_rooms, solitary_fountain,
          uniq_robin, uniq_jessica
D:4:      layout_rooms, dancing_weapons_uskayaw
D:5:      layout_loops_ring, nicolae_ossuary_entry_plus, first_ration,
          serial_shops, shop, uniq_grinder, uniq_eustachio
D:6:      layout_gridville, nicolae_ru_path_of_blood,
          nicolae_qazlal_style_of_elements, minmay_temple_entry_large_hall,
          ebering_ghost_rock_garden, kennysheep_nondescript,
          kennysheep_slug_shrine
D:7:      minmay_the_grid_octo_tiled_octocenter [minmay_the_grid_octo_focus,
          minmay_the_grid_octo_checkered, minmay_the_grid_octo_checkerflower,
          minmay_the_grid_octo_clover_2,
          minmay_the_grid_octo_prize_single_spiral,
          minmay_the_grid_square_5x5_forky, minmay_the_grid_square_5x5_bridge,
          minmay_the_grid_square_5x5_pentomino_r,
          minmay_the_grid_square_5x5_meh], layout_loops_cross,
          due_unseen_surprise
D:8:      layout_loops_ring, gammafunk_ghost_nasty_kobolds, david_nohive_1
D:9:      layout_small_grid, zin_academy, eino_small_chamber_without_monster
D:10:     layout_loops_cross, gammafunk_ghost_icy
D:11:     layout_gridville, lair_entry_dummy, portal_ice_cave_entry_imps
D:12:     layout_basic, david_orc_3
D:13:     minmay_box_of_statues, layout_stronghold, david_vaults_4
D:14:     minmay_curly_fans, layout_rooms
D:15:     gammafunk_depths_entry_grave, layout_irregular_city, minivault_16,
          uniq_louise
Temple:   minmay_temple_curvy_branch
Lair:1:   layout_regular_city, lemuel_oklob_altar, uniq_erica
Lair:2:   layout_regular_city, elwin_shoals_entry_rocks, roderic_carrion_pond,
          grunt_megastairs_1, uniq_urug
Lair:3:   layout_chaotic_city, guppyfry_snake_entry_island, grunt_megastairs_4
Lair:4:   layout_concentric_octagons
Lair:5:   layout_regular_city, minmay_lair_drake_nest, uniq_josephine
Lair:6:   guppyfry_lair_end_dragon, layout_layer_cave,
          hangedman_lair_caniforms_friends, nicolae_slime_entry_slimehenge,
          serial_bayou_pond_d, grunt_megastairs_2, minmay_lair_oklob_chamber
Shoals:1: layout_shoals, nicolae_shoals_so_close, uniq_roxanne, uniq_donald
Shoals:2: cheibrodos_shoals_gigantism, layout_shoals, serial_shops,
          nicolae_shop_waterfront, ebering_ghost_inner_flame
Shoals:3: layout_shoals, abandoned_shop, uniq_ilsuiw, uniq_jorgrun
Shoals:4: shoals_end_grunt_ice, layout_shoals, shoals_ilsuiw_alternative
Orc:1:    layout_caves, basic_altar, nicolae_orc_lava_room
Orc:2:    pubby_orc_utopia, uniq_snorg
Depths:1: minmay_gate_of_8, layout_cave_pools, hangedman_decor_peaks_small,
          hell_entry, kennysheep_generic_room_16, minmay_shop_star

Skill      XL: |  1  2  3  4  5  6  7  8  9 10 11 12 13 14 15 16 |
---------------+-------------------------------------------------+-----
Axes           | 4 5 6 7 9 11 13 16 18 20 23 24 | 24.7
Fighting       | 4 5 9 13 16 | 16.1
Armour         | 3 11 | 11.1
Evocations     | 5 7 |  7.0
Dodging        | 7 10 | 10.2
Throwing       | 5 |  5.6

Action                   |  1- 3 |  4- 6 |  7- 9 | 10-12 | 13-15 | 16-18 || total
-------------------------+-------+-------+-------+-------+-------+-------++-------
Melee: Hand axe          |    72 |   200 |   423 |     1 |       |       ||   696
       Headbutt          |    12 |    28 |    87 |   107 |   237 |    83 ||   554
       Battleaxe         |       |       |       |   552 |  1166 |   438 ||  2156
       Scimitar          |       |       |       |       |    17 |       ||    17
Throw: Dart              |       |       |     2 |    18 |       |       ||    20
       Boomerang         |       |       |       |       |     2 |       ||     2
       Javelin           |       |       |       |       |       |     3 ||     3
Invok: Berserk           |     1 |     2 |     9 |     9 |     4 |     3 ||    28
       Trog's Hand       |       |       |       |     1 |     2 |     2 ||     5
       Brothers in Arms  |       |       |       |       |       |     1 ||     1
 Abil: Evoke Flight      |       |       |       |       |       |     1 ||     1
Evoke: Wand              |       |       |       |    20 |     6 |     5 ||    31
  Use: Potion            |     1 |       |       |    11 |     2 |     3 ||    17
       Scroll            |       |       |    17 |     7 |    17 |     5 ||    46
 Stab: Sleeping          |     1 |     1 |     9 |     5 |       |       ||    16
       Distracted        |       |       |     2 |       |     2 |       ||     4
       Petrifying        |       |       |       |       |     3 |       ||     3
       Petrified         |       |       |       |       |     1 |       ||     1
  Eat: Chunk             |     1 |    11 |    12 |    24 |    43 |    17 ||   108
       Ration            |       |       |     3 |     3 |     1 |     2 ||     9
Armor: Animal skin       |    13 |    33 |       |       |       |       ||    46
       Robe              |       |       |    60 |    17 |       |       ||    77
       Chain mail        |       |       |       |   258 |   629 |   214 ||  1101
Dodge: Dodged            |    52 |   101 |   141 |   200 |   388 |   208 ||  1090
Block: Other             |       |       |       |       |    41 |    56 ||    97
       Reflection        |       |       |       |       |     3 |    11 ||    14

Table legend:
 A = Non-vault XP
 B = Vault XP
 C = Vault XP percentage of total XP
 D = Non-vault monster count
 E = Vault monster count
 F = Vault count percentage of total count
                 A         B        C        D         E       F
            +---------+---------+-------+---------+---------+-------
      Total |  115937 |  105202 |  47.6 |     582 |     535 |  47.9
            +---------+---------+-------+---------+---------+-------
        D:1 |      49 |       4 |   7.5 |      28 |       2 |   6.7
        D:2 |     195 |       3 |   1.5 |      26 |       2 |   7.1
        D:3 |     256 |     109 |  29.9 |      31 |      21 |  40.4
        D:4 |     592 |       0 |   0.0 |      19 |       0 |   0.0
        D:5 |     548 |     489 |  47.2 |      20 |       2 |   9.1
        D:6 |     403 |     605 |  60.0 |      14 |       2 |  12.5
        D:7 |     566 |    2419 |  81.0 |      18 |      26 |  59.1
        D:8 |     733 |    3313 |  81.9 |      20 |      26 |  56.5
        D:9 |    1701 |       0 |   0.0 |      33 |       0 |   0.0
       D:10 |     984 |    1921 |  66.1 |      16 |      11 |  40.7
       D:11 |    6123 |     121 |   1.9 |      37 |      12 |  24.5
       D:12 |    5312 |     699 |  11.6 |      36 |       9 |  20.0
       D:13 |    7168 |    8253 |  53.5 |      23 |      24 |  51.1
       D:14 |    4023 |     520 |  11.4 |      13 |       1 |   7.1
       D:15 |   17008 |    6542 |  27.8 |      38 |      10 |  20.8
     Lair:1 |    1834 |    1509 |  45.1 |       8 |       2 |  20.0
     Lair:2 |    3718 |    2641 |  41.5 |      16 |      14 |  46.7
     Lair:3 |    4290 |     723 |  14.4 |      12 |       5 |  29.4
     Lair:4 |    6054 |       0 |   0.0 |      17 |       0 |   0.0
     Lair:5 |    7145 |    3330 |  31.8 |      24 |      10 |  29.4
     Lair:6 |    6669 |   21967 |  76.7 |      25 |     104 |  80.6
   Shoals:1 |   14728 |    2072 |  12.3 |      30 |       2 |   6.2
   Shoals:2 |   15064 |   10067 |  40.1 |      30 |       6 |  16.7
   Shoals:3 |    2023 |     498 |  19.8 |       4 |       1 |  20.0
   Shoals:4 |     937 |    6956 |  88.1 |       3 |       9 |  75.0
      Orc:1 |    2655 |       0 |   0.0 |      31 |       0 |   0.0
      Orc:2 |       0 |   22535 | 100.0 |       0 |     149 | 100.0
   Depths:1 |    5159 |       0 |   0.0 |      10 |       0 |   0.0
    Ossuary |       0 |     993 | 100.0 |       0 |      31 | 100.0
      IceCv |       0 |    6913 | 100.0 |       0 |      54 | 100.0
            +---------+---------+-------+---------+---------+-------
